Ducks vs Bruins

Created - 28 décembre 2020 at 21:14

Goals
1 2 3 OT1 T
Ducks 2 2 0 0 4
Bruins 1 0 3 1 5
Shots
1 2 3 OT1 T
Ducks 13 19 8 3 43
Bruins 6 4 11 1 22

1st period

1. Ducks , Brett Connolly 1 (Joakim Ryan 2, Kyle Turris 7) at 1:59
2. Bruins , Jayson Megna 4 (Jonathon Merrill 6, Colton White 1) at 6:37
3. Ducks , Jacob de La Rose 3 (Nick Ritchie 3, Jack Roslovic 4) at 8:57

Penalties :
Luke Kunin (ANA) for Interference (Minor) at 16:43, Luke Schenn (ANA) for Slashing (Minor) at 18:49

2nd period

4. Ducks , Artem Anisimov 7 (Brandon Sutter 18, Marcus Johansson 15) at 2:22
5. Ducks , Luke Kunin 9 (Derek Stepan 12, Josh Manson 7) at 15:05

Penalties :
Adam Henrique (BOS) for Hooking (Minor) at 7:51, Colton White (BOS) for Hooking (Minor) at 11:16, Colton White (BOS) for Slashing (Minor) at 16:31

3rd period

6. Bruins , Alex Iafallo 14 (Radek Faksa 13) at 13:24
7. Bruins , Jayson Megna 5 (Antoine Roussel 4, Jordan Oesterle 10) at 13:40
8. Bruins , Radek Faksa 14 (Alex Iafallo 10, Brett Pesce 15) at 17:09

Penalties :
Adam Henrique (BOS) for Roughing (Minor) at 5:40, Tyler Ennis (ANA) for Hooking (Minor) at 19:08

Overtime #1

9. Bruins , Jayson Megna 6 (Alex Iafallo 11, Brady Skjei 12) at 0:38 (PP)

Penalties :
No Penalty

Goalie Stats

Antti Raanta (ANA), 17 saves from 22 shots - (0,773), OTL, 6-5-2, 60:39 minutes
Louis Domingue (BOS), 39 saves from 43 shots - (0,907), W, 2-4-0, 60:39 minutes

Players Stats for Ducks

Player Name              G  A  P  +/- PIM S  H  SB GA TA FO     MP     PP MP  PK MP  
------------------------------------------------------------------------------------
Anders Lee               0  0  0  -1  0   4  4  0  0  0  1/3    22:14   4:35   3:37 
Artem Anisimov           1  0  1   0  0   3  0  0  0  0  1/1    16:19   3:21   0:00 
Brandon Sutter           0  1  1   0  0   0  0  0  0  0  1/1    16:19   3:21   0:00 
Brett Connolly           1  0  1   0  0   5  1  0  0  0  0/0    13:05   0:00   0:06 
Calvin de Haan           0  0  0  -1  0   2  2  1  0  0  0/0    25:26   4:09   3:37 
Derek Forbort            0  0  0  -1  0   0  2  3  0  0  0/0    21:03   3:19   1:51 
Derek Stepan             0  1  1  -1  0   6  2  0  0  0  17/30  22:53   4:35   4:16 
Jack Roslovic            0  1  1   1  0   1  0  0  0  0  0/0     7:16   0:00   0:00 
Jacob de La Rose         1  0  1   1  0   1  0  0  0  0  3/6     7:22   0:00   0:06 
Joakim Ryan              0  1  1   2  0   0  0  0  0  0  0/0    14:10   0:28   0:00 
Josh Manson              0  1  1  -1  0   4  0  0  0  0  0/0    25:26   4:09   3:37 
Kyle Turris              0  1  1   0  0   1  1  0  0  0  6/17   14:05   0:00   1:06 
Luke Kunin               1  0  1  -1  2   7  2  0  0  0  0/2    18:36   4:35   0:00 
Luke Schenn              0  0  0   2  2   0  4  1  0  0  0/0    14:09   0:28   0:00 
Marcus Johansson         0  1  1   0  0   2  0  1  0  0  11/18  17:25   3:21   1:06 
Nick Ritchie             0  1  1   1  0   3  3  0  0  0  0/0     7:16   0:00   0:00 
T.J. Brodie              0  0  0  -1  0   1  0  0  0  0  0/0    21:03   3:19   1:51 
Tyler Ennis              0  0  0   0  2   3  0  0  0  0  0/0    12:58   0:00   0:00 

Players Stats for Bruins

Player Name              G  A  P  +/- PIM S  H  SB GA TA FO     MP     PP MP  PK MP  
------------------------------------------------------------------------------------
Adam Henrique            0  0  0   0  4   1  1  0  0  0  14/21  18:18   2:26   0:26 
Alex Iafallo             1  2  3   1  0   3  2  0  0  0  0/1    21:09   2:26   2:04 
Antoine Roussel          0  1  1  -1  0   0  4  0  0  0  0/3    18:43   0:00   1:17 
Brady Skjei              0  1  1  -1  0   0  4  1  0  0  0/0    22:31   3:15   1:22 
Brett Pesce              0  1  1   1  0   0  0  1  0  0  0/0    18:09   0:00   3:32 
Brian Dumoulin           0  0  0   0  0   1  0  1  0  0  0/0    13:43   0:00   3:18 
Carl Hagelin             0  0  0   0  0   1  1  0  0  0  0/1    20:03   0:00   4:35 
Colton White             0  1  1   0  4   0  2  2  0  0  0/0    17:34   1:34   0:00 
Jayson Megna             3  0  3   1  0   5  2  0  0  0  9/17   12:11   2:23   1:24 
Jonathon Merrill         0  1  1   0  0   0  6  3  0  0  0/0    19:12   0:00   4:01 
Jordan Oesterle          0  1  1  -1  0   1  1  0  0  0  0/0    20:30   3:15   0:00 
Marcus Sorensen          0  0  0  -2  0   3  0  0  0  0  0/1    15:51   2:26   0:11 
Markus Nutivaara         0  0  0   1  0   0  0  0  0  0  0/0     9:37   1:34   3:39 
Michael Frolik           0  0  0   1  0   2  0  0  0  0  0/0    16:32   2:23   0:00 
Radek Faksa              1  1  2   1  0   4  1  1  0  0  9/16   15:46   0:00   2:26 
Tanner Fritz             0  0  0   1  0   0  0  0  0  0  0/0     2:45   0:00   0:00 
Tyler Bertuzzi           0  0  0   0  0   0  1  0  0  0  0/4    17:51   2:23   0:00 
Vladimir Sobotka         0  0  0  -2  0   1  1  1  0  0  6/14   14:11   0:00   3:29 

3 Stars

1 - Jayson Megna (BOS)
2 - Alex Iafallo (BOS)
3 - Radek Faksa (BOS)

Power Play

Ducks - 0 on 4 Attempt(s) - 0,00%
Bruins - 1 on 3 Attempt(s) - 33,33%

Penalty Kill

Ducks - 2 on 3 Attempt(s) - 66,67% - Score 0 goal in Penalty Kill
Bruins - 4 on 4 Attempt(s) - 100,00% - Score 0 goal in Penalty Kill

Team Stat

Ducks - Hits : 21 - Faceoff Wins : 40 - Blocked Shots : 6 - Penalty Minutes : 6
Bruins - Hits : 26 - Faceoff Wins : 38 - Blocked Shots : 10 - Penalty Minutes : 8

Official

Referees : TJ Luxmore and Trevor Hanson
Linesman : Kelsey Mahoney and Justin Cornell

Game Notes

Tanner Fritz is injured at 1:08 of 2nd period (Sports Hernia)
Jayson Megna has scored a Hat Trick!

Finance

Level 1 -- Attendance: 6000 (100,00%) -- Ticket Income 708 000 $
Level 2 -- Attendance: 4571 (91,42%) -- Ticket Income 342 825 $
Level 3 -- Attendance: 3275 (93,57%) -- Ticket Income 157 200 $
Level 4 -- Attendance: 2834 (89,12%) -- Ticket Income 85 020 $
Luxury Box -- Attendance: 946 (94,60%) -- Ticket Income 199 606 $
Game was played at the TD Garden.
Total Attendance: 17626 (94,36%)
Total Ticket Income: 1 492 651 $
Other Income: 731 399 $
Total Income: 2 224 050 $

% Time on Ice - Ducks

Lines # - Real PCT - Wanted PCT - Time Play
Normal Forward
1 - 30% - 40% - 14:02
2 - 27% - 30% - 12:58
3 - 27% - 20% - 12:59
4 - 15% - 10% - 7:16
Normal Defense
1 - 36% - 40% - 17:01
2 - 34% - 30% - 15:53
3 - 29% - 20% - 13:42
4 - 1% - 10% - 0:39
PP Forward
1 - 58% - 60% - 4:35
2 - 42% - 40% - 3:21
PP Defense
1 - 58% - 60% - 4:37
2 - 42% - 40% - 3:19
PK Forward
1 - 77% - 60% - 3:43
2 - 23% - 40% - 1:06
PK Defense
1 - 62% - 60% - 2:58
2 - 38% - 40% - 1:51
PK3 Forward
1 - 100% - 60% - 0:39
2 - 0% - 40% - 0:00
PK3 Defense
1 - 100% - 60% - 0:39
2 - 0% - 40% - 0:00
44 Forward
1 - 0% - 60%
2 - 0% - 40%
44 Defense
1 - 0% - 60%
2 - 0% - 40%
Last Minute Offensive  - 0:00
Last Minute Defensive  - 0:00
Total
Forward - 60:39
Defense - 60:39

% Time on Ice - Bruins

Lines # - Real PCT - Wanted PCT - Time Play
Normal Forward
1 - 33% - 36% - 15:28
2 - 28% - 32% - 13:20
3 - 23% - 22% - 10:42
4 - 16% - 10% - 7:45
Normal Defense
1 - 37% - 36% - 17:15
2 - 33% - 32% - 15:23
3 - 22% - 21% - 10:13
4 - 9% - 11% - 4:24
PP Forward
1 - 51% - 55% - 2:26
2 - 49% - 45% - 2:23
PP Defense
1 - 67% - 60% - 3:15
2 - 33% - 40% - 1:34
PK Forward
1 - 83% - 60% - 6:36
2 - 17% - 40% - 1:20
PK Defense
1 - 51% - 60% - 4:04
2 - 49% - 40% - 3:52
PK3 Forward
1 - 0% - 54%
2 - 0% - 46%
PK3 Defense
1 - 0% - 60%
2 - 0% - 40%
44 Forward
1 - 100% - 55% - 0:39
2 - 0% - 45% - 0:00
44 Defense
1 - 100% - 60% - 0:39
2 - 0% - 40% - 0:00
Last Minute Offensive  - 0:00
Last Minute Defensive  - 0:00
Total
Forward - 60:39
Defense - 60:39

Play-by-Play

1st period


0:01 of 1st period - Adam Henrique wins face-off versus Derek Stepan in neutral zone.
0:28 of 1st period - Shot by Anders Lee.
0:28 of 1st period - Stopped by Louis Domingue with a rebound.
0:30 of 1st period - Shot by Derek Stepan.
0:30 of 1st period - Shot Misses the Net.
1:18 of 1st period - Shot by Radek Faksa.
1:18 of 1st period - Stopped by Antti Raanta with a rebound.
1:20 of 1st period - Shot by Alex Iafallo.
1:20 of 1st period - Shot Blocked by Derek Forbort.
1:22 of 1st period - Shot by Michael Frolik.
1:22 of 1st period - Shot Blocked by Derek Forbort.
1:49 of 1st period - Icing by Brett Pesce.
1:50 of 1st period - Kyle Turris wins face-off versus Vladimir Sobotka in Bruins zone.
1:59 of 1st period - Shot by Brett Connolly.
1:59 of 1st period - Goal by Brett Connolly - Ducks : 1 - Bruins : 0.
2:00 of 1st period - Jacob de La Rose wins face-off versus Jayson Megna in neutral zone.
2:03 of 1st period - Brett Pesce is hit by Nick Ritchie and loses puck.
2:20 of 1st period - Shot by Nick Ritchie.
2:20 of 1st period - Deflect By Jack Roslovic.
2:20 of 1st period - Stopped by Louis Domingue with a rebound.
2:22 of 1st period - Shot by Calvin de Haan.
2:22 of 1st period - Stopped by Louis Domingue with a rebound.
2:36 of 1st period - Shot by Jack Roslovic.
2:36 of 1st period - Shot Misses the Net.
2:38 of 1st period - Shot by Nick Ritchie.
2:38 of 1st period - Stopped by Louis Domingue without a rebound.
2:39 of 1st period - Radek Faksa wins face-off versus Kyle Turris in Bruins zone.
2:57 of 1st period - Icing by Joakim Ryan.
2:58 of 1st period - Adam Henrique wins face-off versus Kyle Turris in Ducks zone.
3:01 of 1st period - Shot by Carl Hagelin.
3:01 of 1st period - Shot Blocked by Luke Schenn.
3:19 of 1st period - Shot by Kyle Turris.
3:19 of 1st period - Shot Misses the Net.
3:21 of 1st period - Shot by Tyler Ennis.
3:21 of 1st period - Stopped by Louis Domingue with a rebound.
3:56 of 1st period - Off-side.
3:57 of 1st period - Vladimir Sobotka wins face-off versus Luke Kunin in neutral zone.
5:03 of 1st period - Shot by Artem Anisimov.
5:03 of 1st period - Stopped by Louis Domingue without a rebound.
5:04 of 1st period - Adam Henrique wins face-off versus Marcus Johansson in Bruins zone.
6:10 of 1st period - Shot by Nick Ritchie.
6:10 of 1st period - Stopped by Louis Domingue without a rebound.
6:11 of 1st period - Kyle Turris wins face-off versus Jayson Megna in Bruins zone.
6:18 of 1st period - Shot by Kyle Turris.
6:18 of 1st period - Deflect By Tyler Ennis.
6:18 of 1st period - Stopped by Louis Domingue with a rebound.
6:26 of 1st period - Shot by Jayson Megna.
6:26 of 1st period - Shot Misses the Net.
6:37 of 1st period - Shot by Jayson Megna.
6:37 of 1st period - Goal by Jayson Megna - Ducks : 1 - Bruins : 1.
6:38 of 1st period - Radek Faksa wins face-off versus Derek Stepan in neutral zone.
6:45 of 1st period - T.J. Brodie is hit by Radek Faksa and loses puck.
6:51 of 1st period - Off-side.
6:52 of 1st period - Marcus Johansson wins face-off versus Vladimir Sobotka in neutral zone.
7:44 of 1st period - Icing by Jordan Oesterle.
7:45 of 1st period - Radek Faksa wins face-off versus Derek Stepan in Bruins zone.
7:45 of 1st period - Brady Skjei is hit by Derek Stepan and loses puck.
8:21 of 1st period - Shot by Derek Stepan.
8:21 of 1st period - Shot Misses the Net.
8:57 of 1st period - Shot by Jacob de La Rose.
8:57 of 1st period - Goal by Jacob de La Rose - Ducks : 2 - Bruins : 1.
8:58 of 1st period - Kyle Turris wins face-off versus Adam Henrique in neutral zone.
9:07 of 1st period - Icing by Brett Pesce.
9:08 of 1st period - Adam Henrique wins face-off versus Marcus Johansson in Bruins zone.
9:41 of 1st period - Shot by Brandon Sutter.
9:41 of 1st period - Shot Misses the Net.
9:43 of 1st period - Shot by Brandon Sutter.
9:43 of 1st period - Shot Misses the Net.
9:50 of 1st period - Icing by Brett Pesce.
9:51 of 1st period - Adam Henrique wins face-off versus Derek Stepan in Bruins zone.
10:19 of 1st period - Shot by Luke Kunin.
10:19 of 1st period - Shot Blocked by Vladimir Sobotka.
10:21 of 1st period - Shot by Josh Manson.
10:21 of 1st period - Shot Misses the Net.
10:25 of 1st period - Shot by Luke Kunin.
10:25 of 1st period - Stopped by Louis Domingue without a rebound.
10:26 of 1st period - Jayson Megna wins face-off versus Kyle Turris in Bruins zone.
11:08 of 1st period - Icing by Joakim Ryan.
11:09 of 1st period - Radek Faksa wins face-off versus Kyle Turris in Ducks zone.
11:21 of 1st period - Shot by Radek Faksa.
11:21 of 1st period - Shot Misses the Net.
11:39 of 1st period - Shot by Anders Lee.
11:39 of 1st period - Deflect By Luke Kunin.
11:39 of 1st period - Shot Misses the Net.
11:41 of 1st period - Shot by Josh Manson.
11:41 of 1st period - Shot Misses the Net.
11:50 of 1st period - Derek Stepan is hit by Colton White and loses puck.
12:03 of 1st period - Shot by Anders Lee.
12:03 of 1st period - Shot Misses the Net.
12:05 of 1st period - Shot by Calvin de Haan.
12:05 of 1st period - Shot Blocked by Jonathon Merrill.
13:06 of 1st period - Marcus Johansson is hit by Tyler Bertuzzi and loses puck.
13:23 of 1st period - Shot by Vladimir Sobotka.
13:23 of 1st period - Shot Blocked by Marcus Johansson.
13:25 of 1st period - Shot by Jordan Oesterle.
13:25 of 1st period - Shot Blocked by Derek Forbort.
13:53 of 1st period - Brandon Sutter is hit by Vladimir Sobotka and loses puck.
15:14 of 1st period - Icing by Derek Stepan.
15:15 of 1st period - Jayson Megna wins face-off versus Luke Kunin in Ducks zone.
15:20 of 1st period - Shot by Jayson Megna.
15:20 of 1st period - Stopped by Antti Raanta without a rebound.
15:21 of 1st period - Vladimir Sobotka wins face-off versus Jacob de La Rose in Ducks zone.
15:24 of 1st period - Shot by Vladimir Sobotka.
15:24 of 1st period - Stopped by Antti Raanta without a rebound.
15:25 of 1st period - Jacob de La Rose wins face-off versus Vladimir Sobotka in Ducks zone.
16:11 of 1st period - Marcus Sorensen is hit by Luke Kunin and loses puck.
16:21 of 1st period - Icing by Vladimir Sobotka.
16:22 of 1st period - Vladimir Sobotka wins face-off versus Kyle Turris in Bruins zone.
16:32 of 1st period - Shot by Tyler Ennis.
16:32 of 1st period - Stopped by Louis Domingue without a rebound.
16:33 of 1st period - Adam Henrique wins face-off versus Derek Stepan in Bruins zone.
16:33 of 1st period - Adam Henrique is hit by Luke Kunin.
16:43 of 1st period - Minor Penalty to Luke Kunin for Interference.
16:44 of 1st period - Derek Stepan wins face-off versus Tyler Bertuzzi in Ducks zone.
16:50 of 1st period - Icing by Michael Frolik.
16:51 of 1st period - Jayson Megna wins face-off versus Derek Stepan in Bruins zone.
17:24 of 1st period - Shot by Michael Frolik.
17:24 of 1st period - Stopped by Antti Raanta without a rebound.
17:25 of 1st period - Derek Stepan wins face-off versus Adam Henrique in Ducks zone.
17:46 of 1st period - Shot by Alex Iafallo.
17:46 of 1st period - Shot Misses the Net.
17:48 of 1st period - Shot by Jordan Oesterle.
17:48 of 1st period - Stopped by Antti Raanta without a rebound.
17:49 of 1st period - Marcus Johansson wins face-off versus Tyler Bertuzzi in Ducks zone.
18:38 of 1st period - Shot by Anders Lee.
18:38 of 1st period - Shot Misses the Net.
18:49 of 1st period - Minor Penalty to Luke Schenn for Slashing.
18:50 of 1st period - Marcus Johansson wins face-off versus Adam Henrique in Ducks zone.
18:50 of 1st period - Marcus Johansson is hit by Alex Iafallo.
19:10 of 1st period - Shot by Brett Connolly.
19:10 of 1st period - Stopped by Louis Domingue without a rebound.
19:11 of 1st period - Derek Stepan wins face-off versus Jayson Megna in Bruins zone.
19:19 of 1st period - Icing by Michael Frolik.
19:20 of 1st period - Jayson Megna wins face-off versus Derek Stepan in Bruins zone.
19:20 of 1st period - Jayson Megna is hit by Anders Lee.
19:23 of 1st period - Icing by Tyler Bertuzzi.
19:24 of 1st period - Jayson Megna wins face-off versus Derek Stepan in Bruins zone.
Goals for this period are 2 for Ducks vs 1 for Bruins.
Shots for this period are 13 for Ducks vs 6 for Bruins.

2nd period


0:01 of 2nd period - Anders Lee wins face-off versus Adam Henrique in neutral zone.
0:25 of 2nd period - Icing by Adam Henrique.
0:26 of 2nd period - Derek Stepan wins face-off versus Adam Henrique in Bruins zone.
1:01 of 2nd period - Joakim Ryan is hit by Antoine Roussel and loses puck.
1:07 of 2nd period - Tanner Fritz is hit by Luke Schenn and loses puck.
1:08 of 2nd period - Tanner Fritz from Bruins is injured at 1:08 of 2nd period (Sports Hernia).
1:09 of 2nd period - Kyle Turris wins face-off versus Radek Faksa in Ducks zone.
1:11 of 2nd period - Icing by Tyler Ennis.
1:12 of 2nd period - Jayson Megna wins face-off versus Kyle Turris in Ducks zone.
1:35 of 2nd period - Shot by Kyle Turris.
1:35 of 2nd period - Shot Misses the Net.
1:45 of 2nd period - Shot by Calvin de Haan.
1:45 of 2nd period - Shot Blocked by Brett Pesce.
1:47 of 2nd period - Shot by Josh Manson.
1:47 of 2nd period - Stopped by Louis Domingue without a rebound.
1:48 of 2nd period - Derek Stepan wins face-off versus Carl Hagelin in Bruins zone.
1:54 of 2nd period - Derek Stepan is hit by Jonathon Merrill and loses puck.
2:14 of 2nd period - Shot by Anders Lee.
2:14 of 2nd period - Shot Blocked by Colton White.
2:16 of 2nd period - Shot by Derek Stepan.
2:16 of 2nd period - Deflect By Anders Lee.
2:16 of 2nd period - Shot Blocked by Jonathon Merrill.
2:18 of 2nd period - Shot by Derek Stepan.
2:18 of 2nd period - Stopped by Louis Domingue without a rebound.
2:19 of 2nd period - Marcus Johansson wins face-off versus Marcus Sorensen in Bruins zone.
2:22 of 2nd period - Shot by Artem Anisimov.
2:22 of 2nd period - Goal by Artem Anisimov - Ducks : 3 - Bruins : 1.
2:23 of 2nd period - Radek Faksa wins face-off versus Marcus Johansson in neutral zone.
2:32 of 2nd period - Shot by Alex Iafallo.
2:32 of 2nd period - Stopped by Antti Raanta without a rebound.
2:33 of 2nd period - Adam Henrique wins face-off versus Derek Stepan in Ducks zone.
2:48 of 2nd period - Shot by Anders Lee.
2:48 of 2nd period - Shot Hit the Post.
2:50 of 2nd period - Shot by Derek Stepan.
2:50 of 2nd period - Deflect By Anders Lee.
2:50 of 2nd period - Shot Blocked by Colton White.
2:58 of 2nd period - Shot by Derek Stepan.
2:58 of 2nd period - Shot Misses the Net.
3:00 of 2nd period - Shot by Luke Kunin.
3:00 of 2nd period - Shot Misses the Net.
3:12 of 2nd period - Shot by Anders Lee.
3:12 of 2nd period - Stopped by Louis Domingue without a rebound.
3:13 of 2nd period - Artem Anisimov wins face-off versus Radek Faksa in Bruins zone.
3:28 of 2nd period - Shot by Radek Faksa.
3:28 of 2nd period - Shot Misses the Net.
4:22 of 2nd period - Shot by Brett Connolly.
4:22 of 2nd period - Stopped by Louis Domingue with a rebound.
4:24 of 2nd period - Shot by Brett Connolly.
4:24 of 2nd period - Stopped by Louis Domingue with a rebound.
4:33 of 2nd period - Icing by Jordan Oesterle.
4:34 of 2nd period - Derek Stepan wins face-off versus Radek Faksa in Bruins zone.
4:43 of 2nd period - Shot by Derek Stepan.
4:43 of 2nd period - Deflect By Anders Lee.
4:43 of 2nd period - Shot Misses the Net.
4:53 of 2nd period - Shot by Derek Stepan.
4:53 of 2nd period - Shot Blocked by Brady Skjei.
4:55 of 2nd period - Shot by Luke Kunin.
4:55 of 2nd period - Stopped by Louis Domingue with a rebound.
4:57 of 2nd period - Shot by Josh Manson.
4:57 of 2nd period - Stopped by Louis Domingue with a rebound.
4:59 of 2nd period - Shot by Luke Kunin.
4:59 of 2nd period - Shot Blocked by Radek Faksa.
5:01 of 2nd period - Shot by Derek Stepan.
5:01 of 2nd period - Shot Misses the Net.
5:11 of 2nd period - Shot by Derek Stepan.
5:11 of 2nd period - Stopped by Louis Domingue without a rebound.
5:12 of 2nd period - Adam Henrique wins face-off versus Marcus Johansson in Bruins zone.
5:19 of 2nd period - Shot by Carl Hagelin.
5:19 of 2nd period - Stopped by Antti Raanta without a rebound.
5:20 of 2nd period - Adam Henrique wins face-off versus Kyle Turris in Ducks zone.
6:03 of 2nd period - Tyler Bertuzzi is hit by Kyle Turris and loses puck.
6:50 of 2nd period - Shot by Marcus Sorensen.
6:50 of 2nd period - Stopped by Antti Raanta without a rebound.
6:51 of 2nd period - Derek Stepan wins face-off versus Jayson Megna in Ducks zone.
6:57 of 2nd period - Shot by Luke Kunin.
6:57 of 2nd period - Stopped by Louis Domingue without a rebound.
6:58 of 2nd period - Derek Stepan wins face-off versus Jayson Megna in Bruins zone.
7:38 of 2nd period - Shot by Anders Lee.
7:38 of 2nd period - Stopped by Louis Domingue with a rebound.
7:51 of 2nd period - Minor Penalty to Adam Henrique for Hooking.
7:52 of 2nd period - Marcus Johansson wins face-off versus Vladimir Sobotka in Bruins zone.
8:09 of 2nd period - Shot by Marcus Johansson.
8:09 of 2nd period - Stopped by Louis Domingue with a rebound.
8:11 of 2nd period - Shot by Josh Manson.
8:11 of 2nd period - Stopped by Louis Domingue without a rebound.
8:12 of 2nd period - Brandon Sutter wins face-off versus Vladimir Sobotka in Bruins zone.
8:59 of 2nd period - Shot by Luke Kunin.
8:59 of 2nd period - Stopped by Louis Domingue without a rebound.
9:00 of 2nd period - Radek Faksa wins face-off versus Anders Lee in Bruins zone.
9:00 of 2nd period - Radek Faksa is hit by Anders Lee.
10:34 of 2nd period - Jack Roslovic is hit by Jayson Megna and loses puck.
10:50 of 2nd period - Antoine Roussel is hit by Derek Forbort and loses puck.
10:58 of 2nd period - T.J. Brodie is hit by Jonathon Merrill and loses puck.
11:06 of 2nd period - Brett Connolly is hit by Colton White and loses puck.
11:16 of 2nd period - Minor Penalty to Colton White for Hooking.
11:17 of 2nd period - Marcus Johansson wins face-off versus Vladimir Sobotka in Bruins zone.
11:36 of 2nd period - Brandon Sutter is hit by Carl Hagelin and loses puck.
12:45 of 2nd period - Shot by Marcus Johansson.
12:45 of 2nd period - Stopped by Louis Domingue without a rebound.
12:46 of 2nd period - Derek Stepan wins face-off versus Antoine Roussel in Bruins zone.
12:54 of 2nd period - Icing by Luke Kunin.
12:55 of 2nd period - Derek Stepan wins face-off versus Radek Faksa in Ducks zone.
13:18 of 2nd period - Shot by Anders Lee.
13:18 of 2nd period - Shot Misses the Net.
13:44 of 2nd period - Alex Iafallo is hit by Luke Schenn and loses puck.
13:57 of 2nd period - Off-side.
13:58 of 2nd period - Marcus Johansson wins face-off versus Tyler Bertuzzi in neutral zone.
15:03 of 2nd period - Shot by Derek Stepan.
15:03 of 2nd period - Shot Misses the Net.
15:05 of 2nd period - Shot by Luke Kunin.
15:05 of 2nd period - Goal by Luke Kunin - Ducks : 4 - Bruins : 1.
15:06 of 2nd period - Jacob de La Rose wins face-off versus Vladimir Sobotka in neutral zone.
15:14 of 2nd period - Marcus Sorensen is hit by Nick Ritchie.
15:24 of 2nd period - Shot by Marcus Sorensen.
15:24 of 2nd period - Shot Misses the Net.
15:30 of 2nd period - Nick Ritchie is hit by Antoine Roussel and loses puck.
15:58 of 2nd period - Brady Skjei is hit by Anders Lee and loses puck.
16:11 of 2nd period - Shot by Anders Lee.
16:11 of 2nd period - Shot Misses the Net.
16:13 of 2nd period - Shot by Anders Lee.
16:13 of 2nd period - Deflect By Luke Kunin.
16:13 of 2nd period - Stopped by Louis Domingue without a rebound.
16:14 of 2nd period - Radek Faksa wins face-off versus Marcus Johansson in Bruins zone.
16:24 of 2nd period - Shot by Brandon Sutter.
16:24 of 2nd period - Shot Misses the Net.
16:31 of 2nd period - Minor Penalty to Colton White for Slashing.
16:32 of 2nd period - Derek Stepan wins face-off versus Adam Henrique in Bruins zone.
16:33 of 2nd period - Shot by Anders Lee.
16:33 of 2nd period - Shot Misses the Net.
16:35 of 2nd period - Shot by Derek Stepan.
16:35 of 2nd period - Shot Misses the Net.
16:37 of 2nd period - Shot by Calvin de Haan.
16:37 of 2nd period - Shot Misses the Net.
16:47 of 2nd period - Shot by Derek Stepan.
16:47 of 2nd period - Shot Misses the Net.
16:49 of 2nd period - Shot by Luke Kunin.
16:49 of 2nd period - Deflect By Anders Lee.
16:49 of 2nd period - Shot Misses the Net.
16:51 of 2nd period - Shot by Josh Manson.
16:51 of 2nd period - Stopped by Louis Domingue without a rebound.
16:52 of 2nd period - Marcus Johansson wins face-off versus Vladimir Sobotka in Bruins zone.
17:06 of 2nd period - Shot by T.J. Brodie.
17:06 of 2nd period - Stopped by Louis Domingue without a rebound.
17:07 of 2nd period - Vladimir Sobotka wins face-off versus Derek Stepan in Bruins zone.
17:07 of 2nd period - Carl Hagelin is hit by Derek Stepan and loses puck.
17:36 of 2nd period - Icing by Anders Lee.
17:37 of 2nd period - Vladimir Sobotka wins face-off versus Derek Stepan in Ducks zone.
17:52 of 2nd period - Shot by Anders Lee.
17:52 of 2nd period - Shot Misses the Net.
18:28 of 2nd period - Shot by Brandon Sutter.
18:28 of 2nd period - Shot Misses the Net.
18:43 of 2nd period - Tyler Ennis is hit by Alex Iafallo and loses puck.
18:57 of 2nd period - Alex Iafallo is hit by Luke Schenn and loses puck.
19:02 of 2nd period - Shot by Michael Frolik.
19:02 of 2nd period - Deflect By Radek Faksa.
19:02 of 2nd period - Stopped by Antti Raanta without a rebound.
19:03 of 2nd period - Adam Henrique wins face-off versus Jacob de La Rose in Ducks zone.
19:37 of 2nd period - Tyler Bertuzzi is hit by Calvin de Haan and loses puck.
19:50 of 2nd period - Shot by Jayson Megna.
19:50 of 2nd period - Shot Misses the Net.
Goals for this period are 2 for Ducks vs 0 for Bruins.
Shots for this period are 19 for Ducks vs 4 for Bruins.

3rd period


0:01 of 3rd period - Derek Stepan wins face-off versus Tyler Bertuzzi in neutral zone.
1:06 of 3rd period - Shot by Brady Skjei.
1:06 of 3rd period - Deflect By Radek Faksa.
1:06 of 3rd period - Shot Misses the Net.
1:08 of 3rd period - Shot by Brady Skjei.
1:08 of 3rd period - Shot Misses the Net.
1:31 of 3rd period - Shot by Brian Dumoulin.
1:31 of 3rd period - Shot Misses the Net.
2:01 of 3rd period - Shot by Marcus Sorensen.
2:01 of 3rd period - Shot Misses the Net.
2:03 of 3rd period - Shot by Brian Dumoulin.
2:03 of 3rd period - Stopped by Antti Raanta without a rebound.
2:04 of 3rd period - Kyle Turris wins face-off versus Adam Henrique in Ducks zone.
2:04 of 3rd period - Kyle Turris is hit by Adam Henrique.
2:29 of 3rd period - Colton White is hit by Luke Schenn and loses puck.
3:06 of 3rd period - Shot by Radek Faksa.
3:06 of 3rd period - Shot Blocked by Calvin de Haan.
3:08 of 3rd period - Shot by Alex Iafallo.
3:08 of 3rd period - Stopped by Antti Raanta with a rebound.
3:56 of 3rd period - Jacob de La Rose is hit by Antoine Roussel and loses puck.
4:11 of 3rd period - Shot by Jack Roslovic.
4:11 of 3rd period - Shot Misses the Net.
4:21 of 3rd period - Shot by Jacob de La Rose.
4:21 of 3rd period - Deflect By Nick Ritchie.
4:21 of 3rd period - Stopped by Louis Domingue with a rebound.
5:00 of 3rd period - Shot by Tyler Ennis.
5:00 of 3rd period - Shot Misses the Net.
5:40 of 3rd period - Minor Penalty to Adam Henrique for Roughing.
5:41 of 3rd period - Derek Stepan wins face-off versus Jayson Megna in Bruins zone.
5:48 of 3rd period - Shot by Anders Lee.
5:48 of 3rd period - Stopped by Louis Domingue with a rebound.
5:50 of 3rd period - Shot by Derek Stepan.
5:50 of 3rd period - Stopped by Louis Domingue without a rebound.
5:51 of 3rd period - Jayson Megna wins face-off versus Anders Lee in Bruins zone.
6:39 of 3rd period - Shot by Artem Anisimov.
6:39 of 3rd period - Shot Misses the Net.
6:49 of 3rd period - Shot by Brandon Sutter.
6:49 of 3rd period - Shot Blocked by Jonathon Merrill.
7:45 of 3rd period - Shot by Brett Connolly.
7:45 of 3rd period - Stopped by Louis Domingue without a rebound.
7:46 of 3rd period - Adam Henrique wins face-off versus Kyle Turris in Bruins zone.
8:11 of 3rd period - Tyler Ennis is hit by Brady Skjei and loses puck.
8:36 of 3rd period - Tyler Bertuzzi is hit by Nick Ritchie and loses puck.
8:57 of 3rd period - Shot by Marcus Sorensen.
8:57 of 3rd period - Stopped by Antti Raanta without a rebound.
8:58 of 3rd period - Marcus Johansson wins face-off versus Jayson Megna in Ducks zone.
9:10 of 3rd period - Shot by Jayson Megna.
9:10 of 3rd period - Shot Misses the Net.
9:12 of 3rd period - Shot by Jayson Megna.
9:12 of 3rd period - Stopped by Antti Raanta with a rebound.
9:14 of 3rd period - Shot by Jonathon Merrill.
9:14 of 3rd period - Shot Misses the Net.
9:16 of 3rd period - Shot by Michael Frolik.
9:16 of 3rd period - Shot Misses the Net.
10:00 of 3rd period - Shot by Derek Stepan.
10:00 of 3rd period - Stopped by Louis Domingue without a rebound.
10:01 of 3rd period - Jayson Megna wins face-off versus Kyle Turris in Bruins zone.
10:14 of 3rd period - Icing by Calvin de Haan.
10:15 of 3rd period - Adam Henrique wins face-off versus Kyle Turris in Ducks zone.
10:21 of 3rd period - Tyler Ennis is hit by Jordan Oesterle and loses puck.
10:39 of 3rd period - Off-side.
10:40 of 3rd period - Derek Stepan wins face-off versus Radek Faksa in neutral zone.
10:43 of 3rd period - Radek Faksa is hit by Anders Lee and loses puck.
10:55 of 3rd period - Off-side.
10:56 of 3rd period - Vladimir Sobotka wins face-off versus Marcus Johansson in neutral zone.
11:04 of 3rd period - Marcus Sorensen is hit by Derek Forbort and loses puck.
11:13 of 3rd period - Shot by Marcus Johansson.
11:13 of 3rd period - Shot Blocked by Brian Dumoulin.
12:02 of 3rd period - Anders Lee is hit by Jonathon Merrill and loses puck.
12:11 of 3rd period - Shot by Luke Kunin.
12:11 of 3rd period - Stopped by Louis Domingue with a rebound.
13:10 of 3rd period - Shot by Michael Frolik.
13:10 of 3rd period - Stopped by Antti Raanta without a rebound.
13:11 of 3rd period - Radek Faksa wins face-off versus Jacob de La Rose in Ducks zone.
13:18 of 3rd period - Shot by Radek Faksa.
13:18 of 3rd period - Stopped by Antti Raanta without a rebound.
13:19 of 3rd period - Radek Faksa wins face-off versus Marcus Johansson in Ducks zone.
13:24 of 3rd period - Shot by Alex Iafallo.
13:24 of 3rd period - Goal by Alex Iafallo - Ducks : 4 - Bruins : 2.
13:25 of 3rd period - Jayson Megna wins face-off versus Derek Stepan in neutral zone.
13:38 of 3rd period - Shot by Antoine Roussel.
13:38 of 3rd period - Shot Misses the Net.
13:40 of 3rd period - Shot by Jayson Megna.
13:40 of 3rd period - Goal by Jayson Megna - Ducks : 4 - Bruins : 3.
13:41 of 3rd period - Marcus Johansson wins face-off versus Radek Faksa in neutral zone.
14:57 of 3rd period - Off-side.
14:58 of 3rd period - Kyle Turris wins face-off versus Antoine Roussel in neutral zone.
14:58 of 3rd period - Kyle Turris is hit by Antoine Roussel.
15:01 of 3rd period - Tyler Ennis is hit by Brady Skjei.
15:08 of 3rd period - Tyler Ennis is hit by Brady Skjei and loses puck.
15:19 of 3rd period - Jordan Oesterle is hit by Brett Connolly and loses puck.
16:07 of 3rd period - Jacob de La Rose is hit by Jonathon Merrill and loses puck.
16:25 of 3rd period - Jacob de La Rose is hit by Jonathon Merrill and loses puck.
17:09 of 3rd period - Shot by Radek Faksa.
17:09 of 3rd period - Goal by Radek Faksa - Ducks : 4 - Bruins : 4.
17:10 of 3rd period - Marcus Johansson wins face-off versus Antoine Roussel in neutral zone.
17:10 of 3rd period - Brandon Sutter is hit by Jayson Megna and loses puck.
17:36 of 3rd period - Shot by Artem Anisimov.
17:36 of 3rd period - Stopped by Louis Domingue with a rebound.
17:41 of 3rd period - Artem Anisimov is hit by Brady Skjei and loses puck.
17:52 of 3rd period - Shot by Brett Connolly.
17:52 of 3rd period - Shot Misses the Net.
17:54 of 3rd period - Shot by Kyle Turris.
17:54 of 3rd period - Stopped by Louis Domingue without a rebound.
17:55 of 3rd period - Derek Stepan wins face-off versus Radek Faksa in Bruins zone.
18:14 of 3rd period - Shot by Luke Kunin.
18:14 of 3rd period - Shot Misses the Net.
18:31 of 3rd period - Off-side.
18:32 of 3rd period - Adam Henrique wins face-off versus Kyle Turris in neutral zone.
18:35 of 3rd period - Shot by Tyler Bertuzzi.
18:35 of 3rd period - Deflect By Adam Henrique.
18:35 of 3rd period - Stopped by Antti Raanta with a rebound.
19:02 of 3rd period - Brett Connolly is hit by Jonathon Merrill and loses puck.
19:08 of 3rd period - Minor Penalty to Tyler Ennis for Hooking.
19:09 of 3rd period - Adam Henrique wins face-off versus Derek Stepan in Ducks zone.
19:20 of 3rd period - Marcus Sorensen is hit by Calvin de Haan and loses puck.
19:23 of 3rd period - Shot by Adam Henrique.
19:23 of 3rd period - Deflect By Alex Iafallo.
19:23 of 3rd period - Shot Misses the Net.
19:27 of 3rd period - Shot by Marcus Sorensen.
19:27 of 3rd period - Stopped by Antti Raanta with a rebound.
19:29 of 3rd period - Shot by Adam Henrique.
19:29 of 3rd period - Shot Misses the Net.
19:33 of 3rd period - Shot by Brady Skjei.
19:33 of 3rd period - Shot Misses the Net.
Goals for this period are 0 for Ducks vs 3 for Bruins.
Shots for this period are 8 for Ducks vs 11 for Bruins.

Overtime #1


0:01 of 1st overtime period - Derek Stepan wins face-off versus Alex Iafallo in neutral zone.
0:04 of 1st overtime period - Shot by Calvin de Haan.
0:04 of 1st overtime period - Stopped by Louis Domingue with a rebound.
0:08 of 1st overtime period - Shot by Derek Stepan.
0:08 of 1st overtime period - Stopped by Louis Domingue without a rebound.
0:09 of 1st overtime period - Derek Stepan wins face-off versus Jayson Megna in Bruins zone.
0:14 of 1st overtime period - Shot by Derek Stepan.
0:14 of 1st overtime period - Stopped by Louis Domingue with a rebound.
0:38 of 1st overtime period - Shot by Alex Iafallo.
0:38 of 1st overtime period - Deflect By Jayson Megna.
0:38 of 1st overtime period - Goal by Jayson Megna - Ducks : 4 - Bruins : 5.
Goals for this period are 0 for Ducks vs 1 for Bruins.
Shots for this period are 3 for Ducks vs 1 for Bruins.